 Dungeon Crawl Stone Soup version 0.29.1-1-gd02db6906a (webtiles) character file.

Game seed: 11053242431953162289

58 Iusername the Poker (level 3, -1/49 HPs)
             Began as a Minotaur Berserker on Sept 29, 2022.
             Was a Follower of Trog.
             Slain by a gnoll
             ... wielding a +0 flail
              (2 damage)
             ... on level 3 of the Dungeon.
             The game lasted 00:02:21 (2494 turns).

Iusername the Poker (Minotaur Berserker)            Turns: 2494, Time: 00:02:21

Health: -1/49      AC: 11    Str: 23    XL:     3   Next: 76%
Magic:  2/2        EV:  7    Int:  4    God:    Trog [*.....]
Gold:   99         SH:  0    Dex:  9    Spells: 2/2 levels left

rFire   + . .      SeeInvis .   a - +0 spear
rCold   + . .      Faith    .   (no shield)
rNeg    . . .      Spirit   .   h - +0 plate armour
rPois   .          Reflect  .   (helmet restricted)
rElec   .          Harm     .   k - scarf {rC+ rF+}
rCorr   .          Rampage  .   (no gloves)
Will    .....                   (no boots)
Stlth   ..........              (no amulet)
HPRegen 0.16/turn               (no ring)
MPRegen 0.08/turn               (no ring)

@: berserking, very quick
A: horns 2, retaliatory headbutt
a: Renounce Religion, Berserk


You were on level 3 of the Dungeon.
You worshipped Trog.
Trog was aware of your devotion.
You visited 1 branch of the dungeon, and saw 3 of its levels.

You collected 99 gold pieces.

Inventory:

Hand Weapons
 a - a +0 spear (weapon)
Armour
 h - a +0 plate armour (worn)
 k - a scarf of resistance (worn)
Jewellery
 b - a ring of resist corrosion
 e - a ring of magical power
Wands
 j - a wand of flame (15)
Scrolls
 c - a scroll of teleportation {unknown}
 d - 3 scrolls of enchant armour {unknown}
 f - a scroll of blinking {unknown}
 i - 2 scrolls of identify {unknown}
Potions
 g - a potion of curing {unknown}


   Skills:
 + Level 4.2 Fighting
 + Level 4.7 Polearms
 + Level 2.8 Armour
 + Level 2.6 Dodging
 + Level 0.2 Stealth


You had 2 spell levels left.
You didn't know any spells.
Your spell library was empty.

Dungeon Overview and Level Annotations

Branches:
Dungeon (3/15)

Altars:


Innate Abilities, Weirdness & Mutations

You have a pair of horns on your head.
You reflexively headbutt those who attack you in melee.


Message History

You hit the gnoll.
The gnoll is lightly wounded.
The orc barely misses you. The gnoll hits you with a +0 flail.
The orc hits you with a +0 flail.
You closely miss the gnoll. Your headbutt misses the gnoll.
The gnoll is lightly wounded.
The orc hits you but does no damage.
A hobgoblin comes into view.
The orc hits you with a +0 flail!
The hobgoblin shouts!
You hit the gnoll but do no damage.
The gnoll is lightly wounded.
You closely miss the gnoll.
The gnoll is lightly wounded.
The gnoll hits you but does no damage. The orc hits you but does no damage. x2
The gnoll hits you but does no damage.
The gnoll hits you from afar with a +0 halberd!
* * * LOW HITPOINT WARNING * * *
You are too injured to fight recklessly!
You are too injured to fight recklessly!
You are too injured to fight recklessly!
You are too injured to fight recklessly!
You are too injured to fight recklessly!
You are too injured to fight recklessly!
A red film seems to cover your vision as you go berserk!
You feel yourself moving faster!
You feel mighty! The orc hits you with a +0 falchion.
* * * LOW HITPOINT WARNING * * *
The gnoll hits you with a +0 flail.
* * * LOW HITPOINT WARNING * * *
The gnoll hits you but does no damage.
The gnoll hits you from afar with a +0 halberd.
* * * LOW HITPOINT WARNING * * *
Unknown command.
You are too injured to fight recklessly!
You puncture the orc!
You kill the orc!
Trog accepts your kill. The gnoll hits you with a +0 flail.
You die...

..........
........
g...... #.....
######....
......og.#
......g)o#
....!.g@o#
.........#
.........####.#
#######.......#
#.#######
####.####
P.####.......#
...........#.#
...........#<#


You could see 3 gnolls, 3 orcs and a hobgoblin.

Vanquished Creatures
  2 worms (D:2)
  A dart slug (D:1)
  An orc (D:3)
  5 endoplasms
  4 giant cockroaches
  3 goblins (D:1)
  3 hobgoblins
  4 jackals (D:1)
  4 kobolds
  3 quokkas
  4 ball pythons
  3 bats
  3 frilled lizards (D:1)
  4 rats
44 creatures vanquished.

Notes
Turn   | Place    | Note
-------+----------+-------------------------------------------
     0 | D:1      | Iusername the Minotaur Berserker began the quest for the
                  | Orb.
     0 | D:1      | Reached XP level 1. HP: 19/19 MP: 0/0
   236 | D:1      | Reached XP level 2. HP: 9/27 MP: 1/1
  1169 | D:1      | Found a faded altar of an unknown god.
  1300 | D:1      | Reached XP level 3. HP: 33/33 MP: 2/2
  2493 | D:3      | HP: 1/49 [gnoll/+0 halberd (6)]
  2494 | D:3      | Slain by a gnoll

Illustrated notes

Levels and vault maps discovered:
D:1:      spicycebolla_green_bress_n_ham_2, layout_basic,
          ebering_ecumenical_altar_rust, minivault_11, kennysheep_minor_cross,
          bh_walls_and_bars
D:2:      layout_loops_ring
D:3:      layout_basic, serial_forest, infiniplex_forest_straight_5,
          infiniplex_forest_lined_room_2, infiniplex_forest_lined_corner,
          infiniplex_forest_lined_2, infiniplex_forest_clump_curved,
          infiniplex_forest_clump_curved, infiniplex_forest_lined_4_way,
          infiniplex_forest_clump_medium, infiniplex_forest_fountain,
          infiniplex_forest_end_3, chequers_serial_rivers_room_b

Skill      XL: |  1  2 |
---------------+-------+-----
Polearms       | 4 |  4.7
Fighting       | 4 |  4.2
Armour         | |  2.8
Dodging        | |  2.6
Stealth        | |  0.2

Action                   || total
-------------------------++-------
Melee: Spear             ||   147
       Punch             ||     2
       Headbutt          ||     8
Invok: Berserk           ||     1
 Stab: Sleeping          ||     3
Armor: Animal skin       ||     8
       Plate armour      ||    28
Dodge: Dodged            ||    50
